Map: Seeds of Aiur

Players

LeoTolstoy - Winner!

  • Race: Zerg Zerg
  • Spawn Location: 7:00

jackson - Winner!

  • Race: Terran Terran
  • League: Silver
  • Spawn Location: 7:00

ILIEKEGGPIE

  • Race: Protoss Protoss
  • League: Platinum
  • Spawn Location: 1:00

ssss

  • Race: Terran Terran
  • Spawn Location: 1:00

VOD

Have the link to the VOD?

Description

Time

  • Played on: April 10, 2018, 1:46 p.m.
  • Length: 20:02
Show
View Real Time Build Order
Export as new Build Order

LeoTolstoy Zerg - Winner!

Build Orders: Pool First 

Get SALT Encoding   

  12  0:01  Drone  
  13  0:10  Drone  
  14  0:18  Overlord  
  14  0:38  Drone x2  
  14  0:39  Drone  
  17  0:51  Spawning Pool  
  17  0:53  Extractor  
  17  0:55  Drone  
  16  1:00  Drone  
  17  1:21  Drone  
  18  1:37  Hatchery  
  18  1:38  Zergling x4  
  19  1:43  Zergling x2  
  20  1:53  Queen  
  22  2:13  Metabolic Boost  
  22  2:16  Overlord  
  22  2:49  Drone  
  22  2:50  Drone x2  
  25  2:53  Queen  
  27  3:12  Drone x4  
  31  3:15  Lair, Extractor  
  30  3:25  Drone  
  29  4:05  Hatchery  
  29  4:06  Zergling x6  
  31  4:13  Extractor  
  31  4:15  Extractor  
  29  4:18  Zergling x6  
  29  4:23  Spire  
  31  4:29  Drone  
  32  4:31  Drone  
  32  4:33  Drone x2  
  32  4:37  Overlord  
  32  4:38  Overlord x2  
  35  5:03  Zergling x10  
  37  5:10  Zergling x2  
  37  5:12  Zergling x2  
  32  5:38  Mutalisk x4  
  32  5:39  Mutalisk  
  42  5:47  Mutalisk  
  40  5:58  Zergling x6  
  43  6:14  Zergling x4  
  43  6:15  Zergling x4  
  47  6:27  Mutalisk x2  
  51  6:35  Mutalisk  
  51  6:39  Drone  
  54  6:45  Mutalisk  
  56  6:50  Drone  
  57  7:16  Overlord x2  
  57  7:24  Overlord  
  57  7:37  Mutalisk x4  
  65  7:48  Drone  
  65  7:49  Drone x3  
  70  7:51  Drone  
  67  8:07  Drone  
  67  8:08  Drone x5  
  73  8:19  Drone x3  
  75  8:33  Drone x3  
  75  8:34  Drone x3  
  81  8:56  Drone  
  82  9:09  Overlord x2  
  82  9:10  Hatchery  
  81  9:19  Drone  
  82  9:32  Drone x6  
  82  9:33  Drone x3  
  91  9:50  Drone x3  
  90  10:02  Drone x2  
  90  10:03  Drone  
  89  10:07  Drone x3  
  92  10:19  Drone  
  92  10:20  Drone x2  
  94  10:24  Zergling x2  
  95  10:35  Evolution Chamber  
  94  10:36  Zergling x6  
  94  10:37  Zergling x2  
  94  10:40  Zergling x6  
  101  10:44  Zergling x2  
  101  10:48  Spine Crawler  
  101  10:51  Zergling x2  
  101  10:52  Zergling x2  
  101  10:54  Hatchery  
  99  11:05  Zergling x2  
  100  11:15  Zergling x2  
  100  11:16  Infestation Pit, Zergling x4  
  102  11:19  Overlord x3  
  102  11:20  Overlord x3  
  102  11:26  Zergling x2  
  99  11:39  Zergling x4  
  102  11:40  Zergling x8  
  102  11:41  Zergling x6  
  100  11:47  Drone  
  100  11:48  Drone  
  100  11:49  Drone  
  87  12:06  Drone  
  88  12:15  Hydralisk Den  
  87  12:18  Evolution Chamber  
  87  12:21  Evolution Chamber, Drone x5  
  90  12:41  Zergling x10  
  91  12:45  Hydralisk x4  
  91  12:46  Hydralisk x3  
  91  12:49  Queen x3  
  107  12:54  Hydralisk x3  
  111  13:00  Hydralisk x4  
  114  13:06  Hydralisk  
  114  13:07  Hydralisk x2  
  112  13:16  Hydralisk x2  
  112  13:17  Hydralisk  
  116  13:24  Hydralisk x3  
  95  13:35  Hydralisk x2  
  95  13:36  Hydralisk  
  93  13:45  Hydralisk x2  
  93  13:51  Hydralisk  
  93  13:52  Hydralisk  
  92  14:07  Overlord x3  
  92  14:08  Overlord x2  
  64  14:25  Queen, Hydralisk  
  64  14:27  Hydralisk x2  
  64  14:28  Hydralisk  
  64  14:30  Hydralisk x3  
  64  14:31  Hydralisk x2  
  57  14:32  Hydralisk x2  
  62  14:40  Spine Crawler  
  62  14:44  Spine Crawler x2  
  59  14:46  Spine Crawler  
  59  14:49  Spine Crawler  
  59  14:51  Spine Crawler  
  59  14:52  Spine Crawler  
  51  14:54  Spine Crawler  
  51  14:55  Hydralisk x2  
  51  14:56  Hydralisk  
  52  15:06  Queen  
  49  15:08  Spine Crawler  
  49  15:10  Drone  
  49  15:12  Drone  
  49  15:13  Drone  
  49  15:15  Drone  
  49  15:16  Drone  
  47  15:23  Zergling x2  
  46  15:31  Hydralisk  
  46  15:32  Hydralisk x2  
  51  15:52  Zerg Missile Weapons Level 1  
  51  15:53  Zerg Ground Armor Level 1  
  51  15:56  Muscular Augments  
  51  16:01  Drone x4  
  55  16:07  Drone x2  
  57  16:13  Drone  
  58  16:39  Hydralisk x2  
  52  16:42  Queen  
  52  16:48  Hydralisk x2  
  52  16:49  Hydralisk x2  
  52  16:52  Hydralisk  
  62  16:55  Hydralisk  
  64  17:01  Hydralisk  
  66  17:09  Hydralisk  
  66  17:12  Hydralisk  
  70  17:19  Hydralisk  
  70  17:22  Hydralisk  
  74  17:36  Hatchery  
  73  17:38  Hydralisk  
  75  17:44  Overlord x2  
  75  17:52  Overlord x2  
  75  18:03  Grooved Spines  
  75  18:04  Zerg Melee Weapons Level 1  
  75  18:08  Lair, Hydralisk x3  
  75  18:09  Hydralisk x4  
  83  18:27  Hydralisk  
  83  18:28  Hydralisk x5  
  83  18:33  Hydralisk  
  97  18:49  Hydralisk  
  97  18:53  Hydralisk x2  
  101  18:58  Hydralisk  
  101  19:05  Hydralisk  
  95  19:11  Hydralisk x2  
  99  19:19  Hydralisk  
  99  19:22  Hydralisk  
  89  19:27  Hydralisk  
  87  19:37  Hydralisk  
Show
View Real Time Build Order
Export as new Build Order

jackson Terran - Winner!

Build Orders:  

Get SALT Encoding   

  12  0:02  SCV  
  13  0:17  SCV  
  14  0:24  Supply Depot  
  14  0:29  SCV  
  15  0:37  Refinery  
  15  0:46  SCV  
  15  0:49  Barracks  
  16  1:04  Barracks  
  16  1:11  SCV  
  17  1:23  SCV  
  18  1:35  SCV  
  19  1:46  Barracks Reactor  
  19  2:04  Factory  
  19  2:12  Refinery  
  19  2:20  Barracks Reactor  
  19  4:07  Command Center  
  19  5:49  Supply Depot  
  17  6:06  Marine  
  17  6:08  Marine  
  11  6:24  Marine  
  7  6:25  Marine  
  7  6:37  SCV  
  8  6:42  Marine  
  9  6:49  SCV  
  10  7:02  SCV  
  11  7:14  SCV  
  12  7:26  SCV  
  13  7:43  SCV  
  14  7:56  SCV  
  15  8:15  Starport  
  16  8:41  SCV  
  16  8:53  SCV  
  17  9:05  SCV  
  18  9:17  SCV  
  18  9:22  Marine x2  
  22  9:28  Barracks Reactor  
  22  9:29  SCV  
  22  9:39  Marine  
  23  9:48  Supply Depot  
  23  10:09  Marine, SCV  
  25  10:21  SCV  
  26  10:32  Marine x2  
  26  10:33  Marine x2, SCV  
  31  10:48  Supply Depot  
  31  10:57  Starport Reactor  
  31  11:09  Marine x3, SCV  
  35  11:22  SCV  
  36  11:29  Supply Depot  
  36  11:34  SCV  
  37  11:45  Medivac  
  39  11:50  Medivac  
  39  11:52  Supply Depot  
  41  12:15  Medivac  
  43  12:18  Marine x4  
  47  12:25  Factory Reactor  
  46  12:35  Marine  
  46  12:36  Marine x3  
  42  12:53  Marine x2  
  44  13:03  Marine x2  
  43  13:11  Marine x2  
  40  13:21  Marine x2  
  41  13:29  Marine x2  
  38  13:39  Marine x2  
  39  13:42  Widow Mine x2  
  25  14:12  Widow Mine x2  
  29  14:33  Widow Mine  
  29  14:34  Widow Mine  
  33  14:55  Widow Mine x2  
  33  15:16  Widow Mine  
  31  15:44  Widow Mine x2  
  35  16:05  Widow Mine x2  
  33  16:26  Widow Mine, Command Center  
  33  16:27  Widow Mine  
  27  16:48  Widow Mine x2  
  31  17:21  Factory Tech Lab  
  31  18:01  SCV  
  32  18:06  Siege Tank  
  35  18:13  SCV  
  36  18:25  SCV  
  37  18:28  Barracks  
  37  18:37  SCV  
  37  18:38  Siege Tank  
  41  18:49  SCV  
  32  19:10  Siege Tank  
  38  19:58  Factory  
Show
View Real Time Build Order
Export as new Build Order

ILIEKEGGPIE Protoss 

Build Orders:  

Get SALT Encoding   

  12  0:00  Probe  
  13  0:12  Probe  
  14  0:22  Pylon  
  14  0:25  Probe  
  15  0:40  Probe  
  16  0:51  Gateway  
  16  0:57  Assimilator  
  16  1:17  Assimilator  
  16  1:26  Probe (Chrono Boost)  
  17  1:32  Pylon  
  17  1:36  Probe (Chrono Boost)  
  18  1:41  Probe (Chrono Boost), Cybernetics Core  
  19  1:54  Probe (Chrono Boost)  
  20  2:06  Probe (Chrono Boost)  
  21  2:12  Probe (Chrono Boost)  
  21  2:18  Warp Gate  
  21  2:19  Gateway  
  21  2:21  Pylon, Probe  
  22  2:30  Stalker (Chrono Boost)  
  24  2:46  Gateway x2  
  24  2:57  Adept (Chrono Boost)  
  28  3:13  Adept (Chrono Boost)  
  28  3:20  Pylon  
  28  3:25  Adept  
  30  3:33  Adept  
  30  3:34  Adept  
  34  3:35  Adept  
  36  4:07  Stalker  
  36  4:08  Nexus  
  38  4:27  Stalker  
  38  4:29  Stalker  
  42  4:36  Probe (Chrono Boost)  
  43  4:48  Probe (Chrono Boost)  
  44  4:55  Probe (Chrono Boost)  
  45  5:02  Probe  
  46  5:14  Probe, Pylon  
  47  5:35  Adept x3  
  45  5:36  Adept  
  45  5:38  Gateway  
  45  5:39  Robotics Facility  
  52  5:46  Probe (Chrono Boost)  
  52  6:15  Stalker x2  
  48  6:39  Stalker x2  
  50  6:40  Stalker x2  
  50  6:43  Probe (Chrono Boost)  
  56  6:48  Probe (Chrono Boost)  
  56  6:53  Probe (Chrono Boost)  
  57  6:59  Probe (Chrono Boost)  
  57  7:00  Probe (Chrono Boost)  
  57  7:01  Assimilator, Forge  
  59  7:07  Assimilator  
  60  7:08  Probe (Chrono Boost)  
  60  7:10  Probe (Chrono Boost)  
  60  7:14  Probe  
  60  7:19  Stalker x4, Probe  
  68  7:39  Protoss Ground Weapons Level 1 (Chrono Boost)  
  66  7:46  Probe x2  
  66  7:56  Stalker x3  
  70  8:20  Pylon  
  70  8:21  Pylon  
  70  8:39  Stalker  
  70  8:40  Stalker x3, Pylon  
  78  8:42  Pylon  
  72  9:01  Stalker  
  74  9:15  Stalker x4  
  74  9:16  Protoss Ground Armor Level 1 (Chrono Boost), Twilight Council  
  82  9:38  Stalker  
  82  9:39  Stalker  
  82  9:40  Stalker x3  
  82  9:44  Blink (Chrono Boost)  
  87  10:21  Probe x2  
  89  10:32  Nexus  
  89  10:36  Assimilator, Pylon  
  89  10:37  Pylon  
  89  10:38  Assimilator  
  89  11:02  Photon Cannon  
  89  11:04  Photon Cannon x2  
  89  11:07  Photon Cannon  
  89  11:10  Photon Cannon  
  89  11:11  Photon Cannon  
  89  11:13  Photon Cannon  
  80  11:38  Zealot x3  
  86  12:02  Stalker x3  
  92  12:11  Pylon  
  92  12:12  Gateway  
  92  12:15  Gateway  
  92  12:16  Gateway, Pylon  
  92  12:30  Zealot  
  92  12:31  Zealot x4  
  92  12:36  Photon Cannon  
  101  12:53  Zealot x5  
  101  13:23  Stalker x2  
  101  13:24  Stalker, Zealot x2  
  91  13:54  Zealot x3  
  93  13:56  Stalker x2  
  85  14:40  Stalker x5  
  95  14:50  Gateway  
  95  14:51  Gateway  
  95  14:54  Gateway  
  95  14:57  Gateway  
  91  15:07  Protoss Ground Weapons Level 2 (Chrono Boost)  
  85  15:41  Robotics Facility  
  85  15:43  Gateway  
  85  15:47  Gateway  
  85  15:49  Gateway x2  
  85  15:57  Nexus  
  85  16:05  Nexus  
  85  16:13  Pylon  
  85  16:18  Charge (Chrono Boost)  
  85  16:23  Gateway x2  
  85  16:24  Gateway  
  75  16:27  Gateway  
  75  16:28  Observer  
  75  16:31  Gateway  
  52  17:12  Stalker x4  
  52  17:13  Stalker  
  52  17:14  Stalker x4  
  52  17:15  Stalker x2  
  74  17:16  Stalker  
  76  17:36  Probe x4  
  80  17:43  Pylon x2  
  80  17:48  Probe  
  81  17:54  Forge  
  81  18:08  Stalker x4  
  89  18:35  Stalker  
  89  18:36  Stalker x3, Sentry x2  
  89  18:37  Sentry x3  
  97  18:55  Stalker x3  
  86  19:08  Stalker  
  86  19:09  Stalker x2  
  76  19:26  Sentry x3  
  74  19:38  Stalker x3  
  73  19:39  Stalker x2, Sentry  
  73  19:40  Sentry  
Show
View Real Time Build Order
Export as new Build Order

ssss Terran 

Build Orders:  

Get SALT Encoding   

  12  0:04  SCV  
  13  0:16  SCV  
  14  0:28  SCV  
  15  1:13  Supply Depot  
  15  1:35  SCV  
  16  1:47  SCV  
  16  1:50  Barracks  
  17  1:59  SCV  
  18  2:11  SCV  
  19  2:23  SCV  
  20  2:35  SCV  
  21  2:47  Marine  
  21  2:48  SCV  
  22  3:00  SCV  
  23  3:09  Supply Depot  
  23  3:13  Supply Depot  
  23  3:15  Supply Depot  
  23  3:30  Marine  
  23  3:31  SCV  
  23  3:32  Supply Depot  
  25  3:48  Marine  
  26  4:06  Marine  
  27  4:24  Marine  
  28  5:47  Marine  
  29  6:05  Marine  
  25  6:23  Marine  
  26  6:29  Supply Depot  
  26  6:41  Marine  
  27  6:53  SCV  
  28  6:54  Supply Depot  
  28  6:59  Marine  
  29  7:05  SCV  
  24  7:16  Marine  
  24  7:17  SCV  
  8  7:30  SCV  
  5  7:42  SCV  
  6  7:46  Marine  
  7  7:54  SCV  
  8  8:04  Marine  
  9  8:06  SCV  
  9  8:10  Command Center  
  10  8:18  SCV  
  11  8:22  Marine  
  10  8:30  SCV  
  9  8:40  Marine  
  10  8:46  SCV  
  4  8:58  Marine, SCV  
  6  9:10  SCV  
  7  9:22  SCV  
  5  9:34  SCV  
  5  10:16  SCV  
  6  10:28  SCV  
  7  10:40  SCV  
  8  10:49  Refinery  
  8  10:52  SCV  
Tags
 
Add a new tag
Caveats
  • Supply blocks, unpowered buildings, or Contaminate may cause inaccurate times.
  • Supply counts are checked every 10 seconds.